 Dungeon Crawl Stone Soup version 0.30-a0-1008-g30c9307041 (webtiles) character file.

Game seed: 1279677042205552746

279 NinjaNoafa the Changer (level 6, -1/38 HPs)
             Began as an Octopode Transmuter on Apr 5, 2023.
             Slain by Menkaure (15 damage)
             ... on level 4 of the Dungeon.
             The game lasted 00:04:12 (2415 turns).

NinjaNoafa the Changer (Octopode Transmuter)        Turns: 2415, Time: 00:04:13

Health: -1/38      AC:  2    Str:  9    XL:     6   Next: 26%
Magic:  8/12       EV: 19    Int: 24    God:
Gold:   144        SH:  5    Dex: 17    Spells: 7/13 levels left

rFire   . . .      SeeInvis .      - Unarmed
rCold   . . .      Faith    .    (shield currently unavailable)
rNeg    . . .      Spirit   .    (helmet currently unavailable)
rPois   x          Reflect  +    g - amulet of reflection
rElec   .          Rampage  .    b - +6 ring of intelligence
rCorr   .                        (no ring)
Will    .....                    (no ring)
Stlth   ++                       (no ring)
HPRegen 0.26/turn                (no ring)
MPRegen 0.13/turn                (no ring)
                                 (no ring)
                                 (no ring)

@: spider-form (expiring), wereblooded (expiring)
A: venomous fangs, almost no armour, (amphibious), 8 rings, tiny, (camouflage
1), (gelatinous body 1), (nimble swimmer 1), (tentacles)
a: End Transformation


You were on level 4 of the Dungeon.
You were a venomous arachnid creature.
You visited 1 branch of the dungeon, and saw 4 of its levels.

You collected 144 gold pieces.

Inventory:

Jewellery
 b - a +6 ring of intelligence (left front pincers)
 g - an amulet of reflection (around neck)
Scrolls
 a - a scroll of butterflies {unknown}
 c - 2 scrolls of magic mapping {unknown}
 d - 3 scrolls of teleportation {unknown}
 e - a scroll of torment {unknown}
 f - a scroll of fog {unknown}
 k - a scroll of fear {unknown}
 l - 2 scrolls of brand weapon {unknown}
 m - a scroll of enchant armour {unknown}
 n - 2 scrolls of identify {unknown}
 p - a scroll of blinking {unknown}
 q - a scroll of vulnerability {unknown}
Potions
 i - 4 potions of curing {unknown}
 j - a potion of might {unknown}
 o - a potion of brilliance {unknown}


   Skills:
 - Level 1.0 Fighting
 - Level 2.0 Dodging
 - Level 3.0 Unarmed Combat
 - Level 4.0 Spellcasting
 + Level 4.2 Transmutations
 + Level 3.0 Poison Magic


You had 7 spell levels left.
You knew the following spells:

 Your Spells              Type           Power      Damage    Failure   Level
a - Wereblood             Tmut           25%        N/A       10%         2
b - Spider Form           Tmut/Pois      22%        N/A       19%         3
i - Beastly Appendage     Tmut           50%        N/A       7%          1

Your spell library contained the following spells:

 Spells                   Type           Power      Damage    Failure   Level
 Gell's Gravitas          Tloc           4%         N/A       50%         3
 Teleport Other           Tloc           4%         N/A       50%         3
 Ice Form                 Ice/Tmut       15%        N/A       61%         4
 Dispersal                Tloc           2%         N/A       100%        6


Dungeon Overview and Level Annotations

Branches:
Dungeon (4/15)
 Temple: D:4-7

Altars:
Elyvilon
Trog

Annotations:
D:4 Menkaure


Innate Abilities, Weirdness & Mutations

You are a venomous arachnid creature.
You have venomous fangs.
You are tiny and dextrous.
Your spellcasting is less reliable in this form.
Your armour is entirely melded.
You are incapable of wielding weapons or throwing items.
You cannot wear most types of armour.
((You are amphibious.))
You can wear up to eight rings at the same time.
((Your skin changes colour to match your surroundings (Stealth+).))
((Your rubbery body absorbs attacks. (AC +1, EV +1)))
((You are camouflaged when in or above water. (Stealth+)))
((You have tentacles for arms and can constrict up to eight enemies at once.))


Message History

Unknown command.
You hit Menkaure.
Menkaure is moderately damaged.
Menkaure closely misses you.
It was a potion of heal wounds.
You feel much better.
Menkaure gestures at you while chanting.
Pain shoots through your body! Menkaure misses you.
You hit Menkaure.
Menkaure is moderately damaged.
Menkaure points at you and mumbles some strange words.
Pain shoots through your body!
* * * LOW HITPOINT WARNING * * *
You feel much better.
Menkaure calls on the powers of darkness!
Your body is wracked with pain!
* * * LOW HITPOINT WARNING * * *
You hit Menkaure.
Menkaure is heavily damaged.
Menkaure closely misses you.
You hit Menkaure but do no damage.
Menkaure is heavily damaged.
You hiss as the wereblood boils in your veins!
Your transformation is almost over.
Menkaure completely misses you.
You hit Menkaure.
Menkaure is severely damaged.
Your primal bloodlust is almost over.
Menkaure closely misses you.
You hit Menkaure but do no damage.
Menkaure is severely damaged.
Menkaure hits you!
* * * LOW HITPOINT WARNING * * *
You feel much better.
Menkaure calls on the powers of darkness!
Your body is wracked with pain!
* * * LOW HITPOINT WARNING * * *
You hit Menkaure but do no damage.
Menkaure is severely damaged.
Menkaure hits you!
You die...

##### #...#
######...######
...........$...
#....sM......
#............ #
#...)......##
.##.##.#.......#
.......#.......#
#
..[....#.......#
# .#.#
#.##...#.# # #.
#.....##.# #
#.###.....


You could see Menkaure (fast).

Vanquished Creatures
  An ogre (D:3)
  A scorpion (D:4)
  An iguana (D:4)
  A gnoll (D:1)
  2 adders
  A worm (D:3)
  A dart slug (D:2)
  5 orcs (D:3)
  4 ball pythons
  4 bats
  3 endoplasms
  5 giant cockroaches
  8 goblins
  5 hobgoblins
  10 jackals
  2 quokkas
  2 frilled lizards
  6 kobolds
  2 rats (D:1)
64 creatures vanquished.

Notes
Turn   | Place    | Note
-------+----------+-------------------------------------------
     0 | D:1      | NinjaNoafa the Octopode Transmuter began the quest for the
                  | Orb.
     0 | D:1      | Reached XP level 1. HP: 13/13 MP: 3/3
    75 | D:1      | Reached XP level 2. HP: 5/18 MP: 3/5
   120 | D:1      | Learned a level 2 spell: Wereblood
   235 | D:1      | Reached XP level 3. HP: 23/23 MP: 3/6
  1197 | D:2      | Identified the +3 dagger "Plog" {heavy, rPois rC+ rN++
                  | Dex-4}
  1354 | D:2      | Found a faded altar of an unknown god.
  1547 | D:3      | Reached XP level 4. HP: 28/28 MP: 6/8
  1558 | D:3      | Noticed an ogre
  1766 | D:3      | Killed an ogre
  1767 | D:3      | Reached XP level 5. HP: 33/33 MP: 8/10
  1856 | D:3      | Learned a level 3 spell: Spider Form
  2322 | D:4      | Found a bloodstained altar of Trog.
  2322 | D:4      | Found a white marble altar of Elyvilon.
  2355 | D:4      | Reached XP level 6. HP: 24/38 MP: 5/12
  2396 | D:4      | Noticed Menkaure
  2415 | D:4      | Slain by Menkaure

Illustrated notes

Levels and vault maps discovered:
D:1:      dpeg_arrival_arbitrary_c, layout_basic
D:2:      layout_basic, chequers_ecumenical_altar_simple, minmay_fountain_box,
          serial_bayou_lagoon_b
D:3:      layout_rooms
D:4:      black_bear_nest_2, layout_loops_ring, nicolae_overflow_two_pavilions,
          uniq_menkaure

Skill      XL: |  1  2  3  4  5 |
---------------+----------------+-----
Transmutations | 3 4 |  4.2
Spellcasting   | 3 4 |  4.0
Poison Magic   | 2 3 |  3.0
Fighting       | |  1.0
Dodging        | |  2.0
Unarmed Combat | |  3.0

Action                     |  1- 3 |  4- 6 || total
---------------------------+-------+-------++-------
  Melee: Unarmed           |    75 |    77 ||   152
         Kick              |    22 |    11 ||    33
         Constrict         |    27 |     8 ||    35
         Tentacles         |    14 |     7 ||    21
         Punch             |     3 |     1 ||     4
   Cast: Beastly Appendage |    13 |     5 ||    18
         Wereblood         |     8 |    10 ||    18
         Spider Form       |       |     6 ||     6
Ability: End Transformatio |       |     1 ||     1
    Use: Potion            |       |     4 ||     4
   Stab: Sleeping          |     3 |       ||     3
 Armour: Skin              |     4 |     7 ||    11
  Dodge: Dodged            |    46 |    59 ||   105
  Block: Other             |     8 |     5 ||    13

Table legend: (Time is in decaauts)
 A = Elapsed time spent in this place.
 B = Non-inter-level travel time spent in this place.
 C = Inter-level travel time spent in this place.
 D = Time resting spent in this place.
 E = Time spent auto-exploring this place.
 F = Levels seen in this place.
 G = Mean time per level.
                   A        B        C        D        E       F      G
               +--------+--------+--------+--------+--------+-----+--------+
         Total |   2406 |   2291 |    115 |     27 |   1657 |   4 |  601.5 |
       Dungeon |   2406 |   2291 |    115 |     27 |   1657 |   4 |  601.5 |
               +--------+--------+--------+--------+--------+-----+--------+

Top non-repeatable levels by time:
     D:2: 868 daAuts
     D:1: 767 daAuts
     D:3: 529 daAuts
     D:4: 241 daAuts
